 Seeded DCSS version 0.28.0-47-ge53b351184 (webtiles) character file.

Game seed: 523019199727972820 (custom seed)

534 thiscave3701365 the Covered (level 7, -2/55 HPs)
             Began as a Formicid Fighter on May 10, 2022.
             Slain by an ogre
             ... wielding a +0 giant club
              (22 damage)
             ... on level 5 of the Dungeon.
             The game lasted 00:03:41 (6381 turns).

thiscave3701365 the Covered (Formicid Fighter)      Turns: 6381, Time: 00:03:41

Health: -2/55      AC:  7    Str: 23    XL:     7   Next: 50%
Magic:  7/7        EV:  9    Int:  7    God:
Gold:   210        SH:  4    Dex: 10    Spells: 6/6 levels left

rFire   . . .      SeeInvis +   a - +0 war axe
rCold   . . .      Faith    .   c - +0 buckler
rNeg    . . .      Spirit   .   b - +0 scale mail
rPois   .          Reflect  .   (helmet unavailable)
rElec   .          Harm     .   (no cloak)
rCorr   .          Rampage  .   (no gloves)
Will    .....                   (no boots)
Stlth   ..........              (no amulet)
HPRegen 0.18/turn               (no ring)
MPRegen 0.10/turn               (no ring)

@: no status effects
A: permanent stasis, dig shafts and tunnels, antennae 3, four strong arms
a: Dig, Shaft Self


You were on level 5 of the Dungeon.
You visited 1 branch of the dungeon, and saw 5 of its levels.

You collected 210 gold pieces.

Inventory:

Hand Weapons
 a - a +0 war axe (weapon)
Missiles
 k - 2 throwing nets
Armour
 b - a +0 scale mail (worn)
 c - a +0 buckler (worn)
Jewellery
 i - an amulet of faith
 l - a ring of poison resistance
 s - an amulet of guardian spirit
Wands
 t - a wand of polymorph (2)
Scrolls
 e - 2 scrolls of fog {unknown}
 f - 4 scrolls of teleportation {unknown}
 m - 4 scrolls of identify {unknown}
 n - a scroll of amnesia {unknown}
 o - a scroll of fear {unknown}
 q - a scroll of blinking {unknown}
 r - 2 scrolls of vulnerability {unknown}
Potions
 d - 2 potions of might
 g - a potion of curing {unknown}
 h - a potion of berserk rage {unknown}
 j - a potion of resistance {unknown}
 p - a potion of invisibility {unknown}
 u - a potion of heal wounds {unknown}


   Skills:
 + Level 4.4 Fighting
 + Level 5.3 Axes
 + Level 5.5 Armour
 + Level 0.9 Dodging
 + Level 4.4 Shields


You had 6 spell levels left.
You didn't know any spells.
Your spell library contained the following spells:

 Spells                   Type           Power      Damage    Failure   Level
 Manifold Assault         Tloc           0%         N/A       100%        5
 Storm Form               Tmut/Air       0%         N/A       100%        7
 Blink                    Tloc           Unusable   N/A       N/A         2

Dungeon Overview and Level Annotations

Branches:
Dungeon (5/15)             Temple (0/1) D:4

Altars:
Ashenzari

Annotations:
D:3 3 runed translucent doors, ShadowYui's ghost, amateur HuFi


Innate Abilities, Weirdness & Mutations

You cannot be hasted, slowed, berserked, paralysed or teleported.
You can dig through walls and to a lower floor.
You have a pair of large antennae on your head. (SInv)
Your four strong arms can wield two-handed weapons with a shield.


Message History

(D) Dungeon (T) Temple
Where to? (Enter - D:4, ? - help)
There is a stone staircase leading down here.
You climb downwards.
The ogre shouts!
Found 36 gold pieces and 5 poisoned darts.
There is a stone staircase leading up here.
An ogre is nearby!
An ogre is nearby!
An ogre is nearby!
Found a stone staircase leading down.
Unknown command.
An ogre is nearby!
You block the ogre's attack.
An ogre is nearby!
You barely miss the ogre.
Unknown command.
An ogre is nearby!
You hit the ogre.
The ogre is lightly wounded.
The ogre hits you with a +0 giant club!!
An ogre is nearby!
You hit the ogre.
The ogre is moderately wounded.
The ogre hits you with a +0 giant club!
An iguana comes into view.
Unknown command.
There are monsters nearby!
You are too injured to fight recklessly!
Unknown command.
There are monsters nearby!
You are too injured to fight recklessly!
Unknown command.
You hit the ogre.
The ogre is severely wounded.
The ogre barely misses you.
You slash the ogre!
The ogre is almost dead.
The ogre hits you with a +0 giant club!!
You die...

##### ##...##
##.....##
#.......#
#.......#
#..<....###
##.........
#.@.......
#..O.......
#........$.
..$.........
.###...(.....
.. ##....l...
# ##>......
..#....


You could see an ogre and an iguana.

Vanquished Creatures
  A phantom (D:4)
  2 scorpions (D:4)
  A howler monkey (D:4)
  An orc priest (D:4)
  A gnoll shaman (D:4)
  A hound (D:4)
  Ijyb (D:4)
  2 orc wizards (D:4)
  A hound skeleton (D:4)
  A gnoll (D:1)
  5 adders
  An adder skeleton (D:4)
  2 worms
  A dart slug (D:4)
  5 orcs (D:4)
  12 endoplasms
  3 giant cockroaches
  4 goblins
  5 hobgoblins
  4 quokkas (D:4)
  8 ball pythons
  6 bats
  A frilled lizard (D:1)
  7 kobolds
  8 rats
84 creatures vanquished.

Notes
Turn   | Place    | Note
-------+----------+-------------------------------------------
     0 | D:1      | thiscave3701365 the Formicid Fighter began the quest for
                  | the Orb.
     0 | D:1      | Reached XP level 1. HP: 18/18 MP: 1/1
   344 | D:1      | Reached XP level 2. HP: 17/24 MP: 2/2
   596 | D:1      | Reached XP level 3. HP: 30/30 MP: 3/3
   739 | D:1      | Found a faded altar of an unknown god.
  1336 | D:2      | Reached XP level 4. HP: 13/37 MP: 4/4
  1954 | D:2      | Found a broken altar of Ashenzari.
  3068 | D:3      | Found a runed translucent gate.
  3207 | D:3      | Found a runed translucent gate.
  3207 | D:3      | Found a runed translucent gate.
  3240 | D:3      | Noticed ShadowYui's ghost (amateur HuFi)
  4267 | D:4      | Reached XP level 5. HP: 38/42 MP: 5/5
  4296 | D:4      | Noticed a phantom
  4305 | D:4      | Noticed Ijyb
  4317 | D:4      | Killed a phantom
  4318 | D:4      | Reached XP level 6. HP: 46/48 MP: 6/6
  4323 | D:4      | Killed Ijyb
  4324 | D:4      | Reached skill level 5 in Armour
  5082 | D:4      | Found a staircase to the Ecumenical Temple.
  5197 | D:4      | Reached XP level 7. HP: 21/54 MP: 7/7
  5709 | D:4      | Reached skill level 5 in Axes
  6374 | D:5      | Entered Level 5 of the Dungeon
  6381 | D:5      | Slain by an ogre

Illustrated notes

Levels and vault maps discovered:
D:1:      minmay_arrival_floating_metal, layout_loops_corners,
          shapermc_ecumenical_altar_notcrosses, minivault_11
D:2:      layout_basic, basic_altar
D:3:      layout_basic, gammafunk_ghost_icy
D:4:      minmay_chambers_of_twos, layout_loops_cross,
          minmay_temple_entry_fiery, minmay_fractal_squares_5, uniq_ijyb
D:5:      layout_rooms, serial_bayou_lagoon_a, uniq_grinder, uniq_menkaure

Skill      XL: |  1  2  3  4  5  6  7 |
---------------+----------------------+-----
Shields        | 4 |  4.4
Armour         | 4 5 |  5.5
Axes           | 3 4 5 |  5.3
Fighting       | 4 |  4.4
Dodging        | |  0.9

Action                   |  1- 3 |  4- 6 |  7- 9 || total
-------------------------+-------+-------+-------++-------
Melee: War axe           |    61 |   156 |    28 ||   245
 Abil: Dig               |       |     1 |       ||     1
Armor: Scale mail        |    32 |    74 |     7 ||   113
       Skin              |       |    34 |       ||    34
Dodge: Dodged            |    43 |    65 |    12 ||   120
Block: Buckler           |    18 |    38 |     4 ||    60
